Map: Ascension to Aiur LE

Players

Neosapiens

  • Race: Protoss Protoss
  • League: Gold
  • Spawn Location: 11:00

Juxtapose - Winner!

  • Race: Protoss Protoss
  • League: Gold
  • Spawn Location: 5:00

VOD

https://youtu.be/giGdOpk0XoQ

Description

After this match, I checked my opponent's Profile and saw that he mainly plays StarCraft II: Wings of Liberty and is quite new to StarCraft II: Legacy of the Void.

That would explain a few things, such as the lack of him Warping in a Mothership Core. What I still don't understand though is the long distance mining he engaged in for a while. Perhaps that has something to do with StarCraft II: Legacy of the Void having a smaller number of resources in bases?

I'm not entirely sure, but outside of Warping in a few Adepts, my opponent didn't use any non-StarCraft II: Wings of Liberty tech.

Time

  • Played on: Aug. 17, 2017, 6:52 p.m.
  • Length: 10:33
Show
View Real Time Build Order
Export as new Build Order

Neosapiens Protoss 

Build Orders:  

Get SALT Encoding   

  12  0:02  Probe (Chrono Boost)  
  13  0:12  Probe (Chrono Boost)  
  14  0:18  Pylon  
  14  0:25  Probe (Chrono Boost)  
  15  0:38  Gateway  
  15  0:39  Probe (Chrono Boost)  
  16  0:50  Probe (Chrono Boost)  
  16  0:54  Pylon  
  17  1:01  Probe (Chrono Boost)  
  18  1:09  Assimilator  
  18  1:12  Probe (Chrono Boost)  
  19  1:29  Zealot, Probe (Chrono Boost)  
  22  1:37  Cybernetics Core  
  22  1:50  Probe (Chrono Boost)  
  23  2:00  Probe (Chrono Boost), Gateway  
  23  2:01  Assimilator  
  24  2:06  Forge  
  24  2:17  Probe (Chrono Boost)  
  24  2:40  Zealot  
  24  2:41  Warp Gate (Chrono Boost)  
  26  2:48  Probe  
  27  3:02  Photon Cannon  
  27  3:03  Pylon  
  27  3:07  Adept  
  27  3:08  Adept  
  31  3:21  Probe  
  31  3:26  Pylon  
  32  3:33  Probe, Protoss Ground Weapons Level 1 (Chrono Boost)  
  32  3:34  Gateway  
  33  3:39  Stalker  
  33  3:40  Stalker  
  37  3:45  Probe  
  38  3:52  Pylon  
  38  3:57  Probe  
  39  4:13  Stalker  
  39  4:14  Stalker  
  43  4:23  Robotics Facility  
  43  4:28  Probe  
  44  4:40  Probe  
  45  4:52  Stargate, Probe  
  46  5:00  Pylon  
  46  5:04  Stalker  
  48  5:11  Observer  
  49  5:17  Photon Cannon  
  49  5:21  Probe  
  49  5:25  Protoss Air Weapons Level 1  
  50  5:33  Probe  
  51  5:42  Pylon  
  51  5:44  Pylon  
  51  5:45  Zealot x2, Probe  
  51  5:46  Zealot  
  58  5:55  Protoss Ground Armor Level 1 (Chrono Boost)  
  58  6:05  Probe  
  59  6:14  Observer  
  60  6:26  Nexus  
  60  7:07  Probe  
  61  7:09  Zealot x3  
  67  7:18  Void Ray  
  67  7:20  Probe  
  72  7:33  Observer  
  72  7:36  Stalker  
  75  7:37  Stalker x2  
  75  7:42  Probe x2  
  81  7:48  Assimilator  
  81  7:50  Assimilator  
  81  7:53  Probe  
  81  7:54  Probe  
  83  8:03  Probe  
  84  8:06  Probe, Protoss Shields Level 1 (Chrono Boost)  
  85  8:14  Probe  
  85  8:16  Twilight Council  
  85  8:19  Probe  
  87  8:48  Zealot  
  89  9:02  Probe  
  90  9:13  Probe  
  77  9:18  Stalker x3  
  57  9:32  Void Ray  
  53  9:48  Zealot x2  
  53  9:50  Stalker  
  54  10:10  Stalker x2  
  58  10:15  Stalker  
Show
View Real Time Build Order
Export as new Build Order

Juxtapose Protoss - Winner!

Build Orders:  

Get SALT Encoding   

  12  0:01  Probe (Chrono Boost)  
  13  0:12  Probe (Chrono Boost)  
  14  0:20  Pylon  
  14  0:23  Probe (Chrono Boost)  
  15  0:38  Probe (Chrono Boost)  
  15  0:42  Gateway  
  16  0:48  Probe (Chrono Boost)  
  17  0:53  Pylon  
  17  0:59  Probe (Chrono Boost)  
  17  1:03  Assimilator  
  18  1:09  Probe (Chrono Boost)  
  19  1:20  Probe (Chrono Boost)  
  19  1:23  Pylon  
  20  1:30  Probe (Chrono Boost)  
  20  1:32  Zealot  
  23  1:44  Cybernetics Core  
  23  1:47  Probe (Chrono Boost)  
  24  1:59  Probe (Chrono Boost)  
  25  2:02  Assimilator  
  25  2:05  Zealot  
  27  2:16  Probe (Chrono Boost)  
  27  2:20  Pylon  
  28  2:28  Warp Gate  
  28  2:38  Mothership Core (Chrono Boost)  
  30  2:59  Stalker  
  32  3:13  Nexus  
  32  3:16  Pylon  
  32  3:17  Pylon  
  32  3:21  Pylon  
  32  3:23  Stargate  
  32  3:31  Gateway  
  32  3:57  Stalker  
  34  4:09  Void Ray  
  38  4:18  Twilight Council  
  38  4:24  Stalker  
  40  4:27  Probe (Chrono Boost)  
  41  4:38  Probe (Chrono Boost)  
  42  4:43  Assimilator  
  42  4:46  Assimilator  
  42  4:48  Probe (Chrono Boost)  
  42  4:50  Forge  
  43  4:58  Void Ray  
  43  4:59  Probe (Chrono Boost)  
  48  5:16  Probe (Chrono Boost)  
  48  5:26  Probe (Chrono Boost)  
  49  5:32  Protoss Ground Weapons Level 1  
  49  5:37  Probe (Chrono Boost)  
  49  5:41  Void Ray, Robotics Facility  
  54  5:55  Probe (Chrono Boost)  
  55  6:05  Photon Cannon, Probe (Chrono Boost)  
  56  6:16  Probe (Chrono Boost)  
  57  6:24  Void Ray  
  61  6:26  Probe (Chrono Boost)  
  61  6:31  Observer  
  63  6:37  Probe (Chrono Boost)  
  64  6:41  Photon Cannon  
  64  6:45  Stalker  
  66  6:47  Probe (Chrono Boost)  
  67  6:58  Probe (Chrono Boost)  
  67  6:59  Warp Prism  
  70  7:08  Probe (Chrono Boost)  
  70  7:12  Gateway  
  70  7:14  Pylon  
  71  7:19  Probe (Chrono Boost)  
  72  7:29  Probe (Chrono Boost)  
  73  7:30  Protoss Ground Armor Level 1  
  73  7:35  Gateway  
  73  7:40  Probe (Chrono Boost)  
  74  7:49  Void Ray  
  74  7:51  Probe (Chrono Boost)  
  78  8:12  Blink  
  78  8:13  Stalker  
  78  8:14  Stalker  
  82  8:38  Warp Prism  
  84  8:41  Void Ray  
  86  8:57  Stalker x2  
  86  8:58  Stalker x2  
  78  9:28  Void Ray  
  80  9:32  Stalker  
  80  9:33  Stalker x2  
  80  9:34  Stalker  
  88  10:01  Zealot  
  88  10:02  Zealot x2  
  92  10:23  Stalker  
Tags
 
Add a new tag
Caveats
  • Supply blocks, unpowered buildings, or Contaminate may cause inaccurate times.
  • Supply counts are checked every 10 seconds.